 Dungeon Crawl Stone Soup version bcrawl-1.27.5 (webtiles) character file.

Game seed: 5474498532490665867

580645 Faustar the Bludgeoner (level 17, -2/149 (154) HPs)
             Began as a Sand Dwarf Sloth Apostle on Sept 3, 2020.
             Was a High Priest of Cheibriados.
             Slain by a swamp worm (11 damage)
             ... called by a spriggan druid
             ... on level 3 of the Swamp.
             The game lasted 01:14:11 (24024 turns).

Faustar the Bludgeoner (Sand Dwarf Sloth Apostle)  Turns: 24024, Time: 01:14:12

HP:   -2/149 (154)  AC: 22    Str: 34    XL:     17   Next: 9%
MP:   26/26         EV:  8    Int: 25    God:    Cheibriados [*****.]
Gold: 2476          SH: 19    Dex: 21    Spells: 14/28 levels left

rFire    . . .     SeeInvis .   i - +3 flail (crush)
rCold    + . .     Gourm    .   G - +2 medium shield {reflect}
rNeg     . . .     Faith    .   N - +1 plate armour {rC+}
rPois    +         Spirit   .   (no helmet)
rElec    +         Reflect  +   E - +0 cloak
rCorr    .         Harm     .   C - +1 pair of gloves "Xabbausu" {rElec Slay+2}
MR       +....                  (no boots)
Stlth    ..........             s - amulet of the acrobat
HPRegen  0.34/turn              O - ring of poison resistance
MPRegen  0.20/turn              f - ring of wizardry

@: vulnerable, very slow
A: small, slowness 1, armour attunement
a: Bend Time, Temporal Distortion, Slouch, Step From Time, Renounce Religion


You were on level 3 of the Swamp.
You worshipped Cheibriados.
Cheibriados was extremely pleased with you.
You were near starving.

You visited 6 branches of the dungeon, and saw 24 of its levels.
You also visited: Bailey.

You collected 2476 gold pieces.

Inventory:

Hand Weapons
 i - a +3 flail of crushing (weapon)
Armour
 a - the +3 scale mail "Ruikk" {rN+ Dex+4}
   (You found it on level 8 of the Dungeon)

   It affects your dexterity (+4).
   It protects you from negative energy.
 b - the +3 buckler of Pathos {SInv}
   (You acquired it on level 3 of the Lair of Beasts)

   It lets you see invisible.
 B - the +7 Kryia's mail coat {PotionHeal*2 rC+ RMsl}
   (You found it on level 11 of the Dungeon)

   It protects you from cold.
   It protects you from missiles.
 C - the +1 pair of gloves "Xabbausu" (worn) {rElec Slay+2}
   (You found it on level 5 of the Dungeon)

   It affects your accuracy and damage with ranged weapons and melee attacks
   (+2).
   It insulates you from electricity.
 E - a +0 cloak (worn)
 G - a +2 medium shield of reflection (worn)
 N - a +1 plate armour of cold resistance (worn)
 Z - the +4 chain mail of Distant Shores {Int+2}
   (You found it on level 6 of the Lair of Beasts)

   It affects your intelligence (+2).
Jewellery
 f - a ring of wizardry (right hand)
 s - an amulet of the acrobat (around neck)
 t - an uncursed ring of flight
 J - an uncursed ring of positive energy
 K - an uncursed ring of see invisible
 M - the ring "Kealozo" {Fire Dex+2}
   (You found it on level 2 of the Lair of Beasts)

   [ring of fire]

   It enhances your fire magic.
   It affects your dexterity (+2).
   It protects you from fire.
   It makes you vulnerable to cold.
 O - a ring of poison resistance (left hand)
 Q - an uncursed amulet of guardian spirit
 U - an uncursed amulet of regeneration
 Y - a +6 ring of strength
Wands
 d - a wand of paralysis (4)
 o - a wand of random effects (10)
 w - a wand of acid (7)
 y - a wand of enslavement (13)
 A - a wand of polymorph (15)
 W - a wand of iceblast (13)
Scrolls
 g - a scroll of magic mapping
 h - 10 scrolls of remove curse
 p - 2 scrolls of amnesia
 u - 2 scrolls of blinking
 v - 5 scrolls of enchant armour
 F - 3 scrolls of fog
 I - 5 scrolls of silence
 R - 3 scrolls of teleportation
 S - a scroll of enchant weapon
 V - 2 scrolls of fear
Potions
 c - 5 potions of lignification
 j - a potion of mutation
 k - a potion of invisibility
 l - 3 potions of brilliance
 n - 13 potions of curing
 r - 3 potions of heal wounds
 z - 2 potions of might
 D - 3 potions of resistance
 H - 3 potions of flight
 P - a potion of agility
Miscellaneous
 m - a fan of gales (2/2)
Comestibles
 e - 44 rations {!d}


   Skills:
 - Level 14.5 Fighting
 - Level 16.3 Maces & Flails
 + Level 15.0 Armour
 - Level 2.4 Stealth
 + Level 15.0 Shields
 - Level 6.0 Spellcasting
 - Level 3.0 Conjurations
 - Level 2.0 Hexes
 - Level 6.0 Charms
 - Level 4.0 Necromancy
 - Level 3.0 Earth Magic
 - Level 10.0 Invocations
 - Level 1.3 Evocations


You had 14 spell levels left.
You knew the following spells:

 Your Spells              Type           Power        Failure   Level  Hunger
a - Slow                  Hex            ###.....     9%          1    None
b - Blink                 Tloc           N/A          28%         2    None
c - Passwall              Tmut/Erth      ###.....     16%         2    None
d - Mephitic Cloud        Conj/Pois/Air  ##......     34%         3    ##.....
e - Regeneration          Chrm/Necr      ####......   8%          3    ##.....
f - Spectral Weapon       Hex/Chrm       ####....     12%         3    ##.....

Your spell library contained the following spells:

 Spells                   Type           Power        Failure   Level  Hunger
 Infusion                 Chrm           #####...     1%          1    None
 Song of Slaying          Chrm           #####...     2%          2    None
 Magic Dart               Conj           ###.         6%          1    None
 Ozocubu's Armour         Chrm/Ice       ###.....     16%         3    ##.....
 Apportation              Tloc           #.....       19%         1    None
 Beastly Appendage        Tmut           #.....       19%         1    None
 Summon Butterflies       Summ           #.......     19%         1    None
 Tukima's Dance           Hex            ###.....     26%         3    ##.....
 Call Imp                 Summ           #.....       28%         2    None
 Sticks to Snakes         Tmut           #.......     28%         2    None
 Conjure Flame            Conj/Fire      ###.....     30%         3    ##.....
 Piercing Shot            Chrm           #####.....   41%         5    #####..
 Beckoning                Tloc           #.........   47%         3    ##.....
 Ignite Poison            Fire/Tmut/Pois #.......     47%         3    ##.....
 Spider Form              Tmut/Pois      #..          47%         3    ##.....
 Iskenderun's Battlesphe  Conj/Chrm      ####....     61%         5    #####..
 Yara's Violent Unravell  Hex/Tmut       ##........   75%         4    ####...
 Ice Form                 Ice/Tmut       #.......     86%         4    ####...
 Silence                  Hex/Air        ##........   96%         5    #####..
 Blade Hands              Tmut           #.........   99%         5    #####..
 Deflect Missiles         Chrm/Air       ###.......   100%        6    #######
 Infestation              Hex/Tmut/Pois  ##.......    100%        6    #######
 Invisibility             Hex            ###.....     100%        6    #######
 Statue Form              Tmut/Erth      ###......    100%        6    #######
 Discord                  Hex            ###.......   100%        8    #######


Dungeon Overview and Level Annotations

Branches:
Dungeon (12/12)            Temple (1/1) D:4            Lair (6/6) D:9
  Swamp (3/3) Lair:2       Spider (0/3) Lair:3        Slime (0/5) Lair:5
    Orc (0/1) D:11         Vaults (1/3) D:12         Depths (1/5) D:12
  Crypt: Vaults:1-2

Altars:
Dithmenos
Gozag
Hepliaklqana
Kikubaaqudgha
Lugonu
Trog
Wu Jian
Xom
Zin
The Shining One
Jiyva

Shops:
D:7 }   D:10 (

Annotations:
D:10 3 runed translucent doors, Maksi666's ghost, journeyman MiHu
Lair:6 Kirke


Innate Abilities, Weirdness & Mutations

You are small and have problems with some larger weapons.
You cover ground slowly.
Armour does not affect your spellcasting.


Message History

You block the seven-headed hydra's attack.
The seven-headed hydra bites you but does no damage. x2
The swamp worm closely misses you.
Evoke which item? (* to show all) (? for menu, Esc to quit)
Aiming: Paralyse
Press: ? - help, Shift-Dir - straight line, f/p - seven-headed hydra
Aim: a seven-headed hydra (unusually strong, susceptible to hostile enchantments, chance to defeat MR: 40%)
The seven-headed hydra resists with some effort.
The swamp dragon roars deafeningly!
You block the seven-headed hydra's attack.
The seven-headed hydra barely misses you.
The seven-headed hydra bites you!
* * * LOW HITPOINT WARNING * * *
The seven-headed hydra bites you.
* * * LOW HITPOINT WARNING * * *
The seven-headed hydra bites you but does no damage.
The seven-headed hydra completely misses you.
The seven-headed hydra bites you but does no damage.
The swamp worm bites you!
You die...

♣.≈≈≈♣♣ *♣♣♣♣ ♣♣.!≈.≈***,,,,**
♣....♣♣♣♣♣...♣♣♣♣.≈≈≈}♣**≈,≈≈≈,*
♣♣.......≈.≈≈..♣≈≈≈≈≈.♣ **,,≈≈≈*
≈...≈≈≈..≈≈≈≈≈.).≈≈≈≈≈♣ *≈≈,,,*
°≈≈.≈≈≈.≈≈≈≈≈≈≈..≈≈≈≈♣* *,≈≈,,**
°°≈≈.....≈≈≈≈≈≈≈...≈.♣♣ ***≈≈≈≈*
.≈≈..≈.[...≈≈≈≈≈.....≈♣ **,,,*
.≈≈.≈§≈[[<.≈≈≈≈≈..≈♣♣♣♣ *****
≈.§♣..♣...≈≈≈≈≈w@§≈.♣
≈§D...≈♣..≈≈≈≈≈≈)D.♣♣ ♣♣♣♣♣♣♣♣♣
...≈.≈..≈.≈≈≈≈≈.<.§♣ ♣≈^...≈≈♣♣
.≈.≈≈...≈≈.≈≈..≈≈≈≈♣ ♣.≈≈≈≈≈≈.♣
.≈≈....≈≈...[.≈.≈≈.♣ ♣≈≈≈≈≈≈≈.♣
♣...≈.≈≈≈.≈..≈..≈≈.♣♣ ♣♣.≈≈≈≈≈♣*
♣♣....≈≈≈≈♣...≈≈≈≈.≈♣ ♣♣≈.≈≈.♣**
♣♣≈≈≈.....♣♣♣≈≈≈≈≈.D♣♣♣.≈.≈♣♣♣
≈.≈≈≈.≈≈≈≈.♣.≈≈≈≈≈≈.[†.≈≈≈.♣


You could see a seven-headed hydra, a swamp dragon and a swamp worm.

Vanquished Creatures
  Rupert (Lair:6)
  Donald (Swamp:2)
  Roxanne (Swamp:1)
  Louise (Swamp:2)
  A stone giant (Depths:1)
  A very ugly thing (D:12)
  An ettin (Depths:1)
  Urug (Lair:2)
  A fire dragon (Depths:1)
  2 jiangshi (Depths:1)
  A yaktaur captain (D:12)
  Josephine (Swamp:1)
  2 rakshasas
  Harold (Lair:3)
  A catoblepas (Lair:5)
  18 hydras
  8 alligators
  5 centaur warriors
  11 two-headed ogres
  A vampire mage (Depths:1)
  A queen ant (D:9)
  2 ogre magi
  2 tengu warriors (D:12)
  6 death yaks
  A deep elf knight (D:12)
  A fire crab (Lair:6)
  A death drake (Swamp:3)
  2 skeletal warriors
  2 spriggan druids (Swamp:3)
  8 swamp dragons
  A glowing orange brain (Depths:1)
  An orc knight (Bailey)
  3 deep elf magi (D:12)
  A lindwurm (Lair:4)
  An ugly thing (D:11)
  2 oklob plants (Lair:6)
  A shining eye (D:12)
  12 elephants
  5 black mambas
  17 cane toads
  A gargoyle (D:12)
  8 centaur skeletons
  A kobold demonologist (D:12)
  A rime drake (Lair:5)
  6 komodo dragons
  7 yaktaurs
  5 polar bears (Lair:6)
  10 tyrant leeches
  2 trolls
  A jumping spider (shapeshifter) (Depths:1)
  8 hornets
  9 blink frogs
  A bog body (Swamp:1)
  11 dream sheep (Lair:6)
  10 slime creatures
  8 hippogriffs
  6 wraiths
  A shadow (Swamp:2)
  A wyvern (D:9)
  15 spriggans
  42 yaks
  A basilisk (shapeshifter) (D:12)
  A hog (Lair:6)
  2 basilisks
  A hungry ghost (D:8)
  7 vampire mosquitoes
  7 soldier ants (D:9)
  8 swamp worms
  12 insubstantial wisps
  6 water moccasins
  9 crocodiles
  An acid dragon (Lair:6)
  11 porcupines
  4 ice beasts
  10 swamp drakes
  3 sky beasts
  2 phantoms
  12 orc warriors
  6 black bears
  39 wolves
  4 boggarts (Lair:6)
  2 necrophages
  13 ogres
  9 centaurs
  5 big kobolds
  17 bullfrogs
  6 scorpions
  An electric eel (D:11)
  A vampire bat (D:9)
  2 crimson imps
  3 centaur zombies
  6 jellies
  7 orc priests
  6 hounds
  7 orc wizards
  2 iguanas
  28 worker ants
  A hound skeleton (D:4)
  2 gnolls (D:6)
  A howler monkey zombie (D:6)
  18 adders
  4 shadow imps
  An ooze (D:4)
  An adder zombie (D:5)
  An adder skeleton (D:7)
  4 worms
  2 dart slugs
  3 leopard geckos
  45 orcs
  7 bats
  4 bat skeletons (D:9)
  2 bat zombies (D:9)
  3 giant cockroaches
  9 hobgoblins
  3 jackals (D:1)
  5 quokkas
  A ball python (D:1)
  4 frilled lizards
  6 goblins
  A jackal skeleton (D:4)
  33 kobolds
  9 rats
  A butterfly (Lair:4)
  A spectral weapon (Lair:6)
717 creatures vanquished.

Vanquished Creatures (collateral kills)
  3 slime creatures (Swamp:2)
  A gnoll (D:6)
  A plant (Lair:3)
5 creatures vanquished.

Vanquished Creatures (others)
  2 yaktaurs
  A slime creature (Swamp:2)
  An orc (D:12)
  7 kobolds
  16 fungi
  9 plants
  16 spectral weapons
52 creatures vanquished.

Grand Total: 774 creatures vanquished

Notes
Turn   | Place    | Note
-------+----------+-------------------------------------------
     0 | D:1      | Faustar the Sand Dwarf Sloth Apostle began the quest for
                  | the Orb.
     0 | D:1      | Reached XP level 1. HP: 18/18 MP: 2/2
   102 | D:1      | Reached skill level 1 in Armour
   194 | D:1      | Reached XP level 2. HP: 3/25 MP: 3/3
   706 | D:1      | Reached * piety under Cheibriados
   706 | D:1      | Reached skill level 4 in Maces & Flails
  1085 | D:1      | Reached XP level 3. HP: 30/30 MP: 4/4
  1318 | D:2      | Found a shadowy altar of Dithmenos.
  1862 | D:2      | Reached ** piety under Cheibriados
  1876 | D:2      | Found an ornate altar of the Wu Jian Council.
  2189 | D:3      | Reached XP level 4. HP: 37/37 MP: 5/5
  2210 | D:3      | Reached skill level 5 in Maces & Flails
  2376 | D:3      | Reached XP level 5. HP: 24/42 MP: 6/6
  2913 | D:3      | Reached *** piety under Cheibriados
  3010 | D:4      | Got a steaming hand axe
  3020 | D:4      | Reached skill level 6 in Maces & Flails
  3193 | D:4      | Reached XP level 6. HP: 48/50 MP: 7/7
  3200 | D:4      | Reached skill level 7 in Maces & Flails
  3200 | D:4      | Reached skill level 5 in Armour
  3279 | D:4      | Found a staircase to the Ecumenical Temple.
  3301 | Temple   | Entered the Ecumenical Temple
  3323 | D:4      | Noticed a sky beast
  3329 | D:4      | Killed a sky beast
  3329 | D:4      | Reached XP level 7. HP: 56/56 MP: 8/8
  3340 | D:4      | Reached skill level 8 in Maces & Flails
  3530 | D:4      | Reached skill level 9 in Maces & Flails
  3700 | D:5      | Entered Level 5 of the Dungeon
  3739 | D:5      | Reached XP level 8. HP: 40/62 MP: 9/9
  3798 | D:5      | Got an ivory dagger
  3821 | D:5      | Got a pair of brightly glowing gloves
  3842 | D:5      | Reached **** piety under Cheibriados
  3932 | D:5      | Reached skill level 10 in Maces & Flails
  3941 | D:5      | Identified the +1 pair of gloves "Xabbausu" {rElec Slay+2}
                  | (You found it on level 5 of the Dungeon)
  4629 | D:6      | Learned a level 2 spell: Blink
  4632 | D:6      | Learned a level 2 spell: Passwall
  4636 | D:6      | Learned a level 3 spell: Mephitic Cloud
  4661 | D:6      | Reached skill level 11 in Maces & Flails
  4749 | D:6      | Noticed a wraith
  4761 | D:5      | Killed a wraith
  4761 | D:5      | Reached XP level 9. HP: 54/73 MP: 10/10
  4801 | D:6      | Reached skill level 5 in Fighting
  4833 | D:6      | Found a shimmering altar of Xom.
  5274 | D:6      | Found an opulent altar of Gozag.
  5346 | D:6      | Found a corrupted altar of Lugonu.
  5443 | D:7      | Reached skill level 12 in Maces & Flails
  5493 | D:7      | Reached ***** piety under Cheibriados
  5526 | D:7      | Found Zabbyeq's Gadget Shop.
  5593 | D:7      | Reached XP level 10. HP: 70/102 MP: 11/11
  5594 | D:7      | Reached XP level 11. HP: 75/109 MP: 12/12
  5853 | D:7      | Reached skill level 1 in Hexes
  6215 | D:7      | Reached skill level 1 in Earth Magic
  6305 | D:7      | Learned a level 3 spell: Regeneration
  6419 | D:8      | Noticed a skeletal warrior
  6434 | D:8      | Killed a skeletal warrior
  6434 | D:8      | Reached skill level 1 in Conjurations
  6720 | D:8      | Got a twisted scale mail
  6794 | D:8      | Reached XP level 12. HP: 116/116 MP: 15/15
  6835 | D:7      | Identified the +3 scale mail "Ruikk" {rN+ Dex+4} (You found
                  | it on level 8 of the Dungeon)
  7388 | D:9      | Found a hazy altar of Hepliaklqana.
  7469 | D:9      | Found a bloodstained altar of Trog.
  7509 | D:9      | Got a coiled ruby amulet
  7587 | D:9      | Reached ****** piety under Cheibriados
  7600 | D:9      | Found an ancient bone altar of Kikubaaqudgha.
  7832 | D:9      | Found a staircase to the Lair.
  7844 | Lair:1   | Entered Level 1 of the Lair of Beasts
  8314 | Lair:1   | Identified the cursed amulet "Xuklef" {Inacc Fragile rPois
                  | Int+2} (You found it on level 9 of the Dungeon)
  8909 | Lair:2   | Noticed Urug
  8919 | Lair:2   | Killed Urug
  9206 | Lair:2   | Noticed a five-headed hydra
  9214 | Lair:2   | Killed a five-headed hydra
  9214 | Lair:2   | Reached skill level 13 in Maces & Flails
  9251 | Lair:2   | Got a vibrating jade ring
  9264 | Lair:2   | Reached skill level 5 in Spellcasting
  9538 | Lair:2   | Found a staircase to the Swamp.
  9963 | Lair:3   | Found a hole to the Spider Nest.
 10106 | Lair:3   | Learned a level 3 spell: Spectral Weapon
 10107 | Lair:3   | Identified the ring "Kealozo" {Fire Dex+2} (You found it on
                  | level 2 of the Lair of Beasts)
 10111 | Lair:3   | Identified a scroll of acquirement
 10111 | Lair:3   | Identified the +3 buckler of Pathos {SInv} (You acquired it
                  | on level 3 of the Lair of Beasts)
 10829 | Lair:4   | Reached skill level 10 in Shields
 10830 | Lair:4   | Noticed Harold
 10927 | Lair:4   | Noticed a four-headed hydra
 10928 | Lair:4   | Reached skill level 14 in Maces & Flails
 10928 | Lair:4   | Reached XP level 13. HP: 104/123 MP: 22/22
 11153 | Lair:3   | Killed Harold
 11420 | Lair:4   | Reached skill level 15 in Maces & Flails
 12128 | Lair:4   | Reached skill level 1 in Invocations
 12542 | Lair:5   | Found a staircase to the Slime Pits.
 12544 | Lair:5   | Found a viscous altar of Jiyva.
 12782 | Lair:5   | Reached skill level 16 in Maces & Flails
 13048 | Lair:4   | Reached skill level 5 in Invocations
 13305 | Lair:5   | Reached XP level 14. HP: 129/132 MP: 20/23
 13356 | Lair:5   | Got a wavering ivory amulet
 13610 | Lair:6   | Entered Level 6 of the Lair of Beasts
 13622 | Lair:5   | Reached skill level 1 in Charms
 13622 | Lair:5   | Reached skill level 1 in Necromancy
 13656 | Lair:6   | Got a faintly humming chain mail
 13667 | Lair:6   | Identified the cursed amulet of Eternal Night {Inacc MR-
                  | Dex+4} (You found it on level 5 of the Lair of Beasts)
 13668 | Lair:6   | Identified the +4 chain mail of Distant Shores {Int+2} (You
                  | found it on level 6 of the Lair of Beasts)
 14551 | Lair:6   | Noticed Kirke
 14707 | Lair:6   | Noticed Rupert
 14726 | Lair:6   | Killed Rupert
 14917 | Lair:6   | Reached skill level 5 in Charms
 16140 | D:9      | Reached XP level 15. HP: 103/139 MP: 24/24
 16411 | D:10     | Entered Level 10 of the Dungeon
 16477 | D:10     | Found the +6 staff of Battle {slice, MP+12}
 16482 | D:10     | Found a flagged portal.
 16498 | Bailey   | Entered a bailey
 16850 | D:10     | Found a runed translucent gate.
 16850 | D:10     | Found a runed translucent gate.
 16851 | D:10     | Found a runed translucent gate.
 16911 | D:10     | Noticed Maksi666's ghost (journeyman MiHu)
 17057 | D:10     | Reached skill level 10 in Invocations
 17241 | D:10     | Found a glowing golden altar of the Shining One.
 17309 | D:10     | Found Leokh's Antique Weapon Shop.
 17490 | D:11     | Found the +7 Kryia's mail coat {PotionHeal*2 rC+ RMsl}
 18097 | D:11     | Found a staircase to the Orcish Mines.
 18232 | D:12     | Entered Level 12 of the Dungeon
 18245 | D:12     | Reached skill level 10 in Armour
 18748 | D:12     | Found a staircase to the Depths.
 19132 | D:12     | Found a gate to the Vaults.
 19539 | Vaults:1 | Entered Level 1 of the Vaults
 19698 | Depths:1 | Entered Level 1 of the Depths
 19716 | Depths:1 | Reached XP level 16. HP: 147/147 MP: 25/25
 20323 | Swamp:1  | Entered Level 1 of the Swamp
 20821 | Swamp:1  | Noticed Josephine
 20831 | Swamp:1  | Killed Josephine
 21247 | Swamp:1  | Noticed Roxanne
 21399 | Swamp:1  | Killed Roxanne
 21400 | Swamp:1  | Identified Roxanne's Disquisition on Transmigration (You
                  | took it off Roxanne on level 1 of the Swamp)
 21620 | Swamp:2  | Noticed Louise
 21644 | Swamp:2  | Killed Louise
 21649 | Swamp:2  | Noticed Donald
 21659 | Swamp:2  | Killed Donald
 22794 | Swamp:3  | Entered Level 3 of the Swamp
 23721 | Swamp:3  | Reached XP level 17. HP: 98/149 MP: 26/26
 23828 | Swamp:3  | Reached skill level 15 in Shields
 24017 | Swamp:3  | Reached skill level 15 in Armour
 24024 | Swamp:3  | Slain by a swamp worm

Skill      XL: |  1  2  3  4  5  6  7  8  9 10 11 12 13 14 15 16 17 |
---------------+----------------------------------------------------+-----
Armour         | 1 2 3 4 5 7 8 11 14 15 | 15.0
Maces & Flails | 4 5 6 7 9 11 12 14 16 | 16.3
Fighting       | 4 14 | 14.5
Shields        | 8 10 11 13 14 15 | 15.0
Hexes          | 2 |  2.0
Earth Magic    | 2 3 |  3.0
Spellcasting   | 2 6 |  6.0
Conjurations   | 1 3 |  3.0
Invocations    | 5 9 10 | 10.0
Charms         | 6 |  6.0
Necromancy     | 4 |  4.0
Stealth        | |  2.4
Evocations     | |  1.3

Action                   |  1- 3 |  4- 6 |  7- 9 | 10-12 | 13-15 | 16-18 || total
-------------------------+-------+-------+-------+-------+-------+-------++-------
Melee: Mace              |   151 |       |       |       |       |       ||   151
       Flail             |    12 |   100 |   174 |   343 |  1220 |   547 ||  2396
       Unarmed           |       |       |       |       |     1 |       ||     1
 Cast: Slow              |       |       |     6 |       |       |       ||     6
       Mephitic Cloud    |       |       |     2 |       |     3 |       ||     5
       Regeneration      |       |       |       |     2 |    17 |     3 ||    22
       Spectral Weapon   |       |       |       |       |    31 |     1 ||    32
       Blink             |       |       |       |       |     3 |     3 ||     6
Invok: Step From Time    |       |       |       |       |     1 |       ||     1
       Slouch            |       |       |       |       |       |    10 ||    10
 Abil: Evoke Flight      |       |       |       |       |     1 |       ||     1
Evoke: Wand              |       |     1 |     6 |     4 |     5 |    13 ||    29
       Fan of gales      |       |       |       |       |     3 |       ||     3
  Use: Scroll            |     7 |       |       |    22 |     9 |    11 ||    49
       Potion            |       |       |     1 |     3 |     3 |     2 ||     9
 Stab: Sleeping          |     1 |       |     1 |     4 |       |       ||     6
       Paralysed         |       |     4 |     4 |     3 |       |       ||    11
       Distracted        |       |       |       |     1 |     4 |     1 ||     6
       Invisible         |       |       |       |     4 |     3 |       ||     7
       Betrayed ally     |       |       |       |       |       |     1 ||     1
  Eat: Chunk             |     7 |     5 |     9 |    18 |    42 |    11 ||    92
       Ration            |       |       |       |       |       |     2 ||     2
Armor: Leather armour    |    31 |       |       |       |       |       ||    31
       Ring mail         |    15 |       |       |       |       |       ||    15
       Scale mail        |     1 |    32 |    41 |    68 |       |       ||   142
       Chain mail        |       |       |       |    35 |   424 |    76 ||   535
       Plate armour      |       |       |       |       |       |   201 ||   201
Dodge: Dodged            |   115 |    88 |   125 |   237 |   515 |   205 ||  1285
Block: Medium shield     |    22 |       |       |    57 |   499 |   602 ||  1180
       Buckler           |       |       |       |    50 |   578 |       ||   628
       Reflection        |       |       |       |       |    73 |    13 ||    86
